 Dungeon Crawl Stone Soup version 0.31-a0-237-g2d982f9f85 (webtiles) character file.

Game seed: 11400682952047662283

267 cforsyth the Ruffian (level 6, -12/55 HPs)
             Began as an Ogre Transmuter on July 11, 2023.
             Mangled by a gnoll bouda
             ... wielding a +0 whip
              (14 damage)
             ... on level 3 of the Dungeon.
             The game lasted 00:03:19 (3528 turns).

cforsyth the Ruffian (Ogre Transmuter)              Turns: 3528, Time: 00:03:20

Health: -12/55     AC:  3    Str: 13 (15) XL:     6   Next: 21%
Magic:  8/9        EV:  9    Int: 14 (16) God:
Gold:   159        SH:  0    Dex:  6 (9)  Spells: 3/9 levels left

rFire   . .          .
                       - Unarmed
rCold   . . .        (no shield)
rNeg    . . .        a - +0 robe
rPois   .            (helmet currently unavailable)
rElec   .            (no cloak)
rCorr   +            (gloves unavailable)
SInv    .            (boots unavailable)
Will    .....        (no amulet)
Stlth   +            e - ring of resist corrosion
HPRegen 0.29/turn    (no ring)
MPRegen 0.11/turn

%: no passive effects
@: appendages
A: horns 2, talons 2, large, unfitting armour, tough skin 1
a: End Transformation


You were on level 3 of the Dungeon.
You had temporarily grown beastly horns and talons.
You visited 1 branch of the dungeon, and saw 3 of its levels.

You collected 159 gold pieces.

Inventory:

Armour
 a - a +0 robe (worn)
Jewellery
 e - a ring of resist corrosion (left hand)
 f - a +4 ring of protection
 j - a ring of protection from fire
 p - a +6 ring of strength
Scrolls
 b - a scroll of immolation {unknown}
 c - 6 scrolls of identify {unknown}
 d - a scroll of revelation {unknown}
 g - 2 scrolls of vulnerability {unknown}
 h - 3 scrolls of teleportation {unknown}
 n - a scroll of fear {unknown}
 o - a scroll of summoning {unknown}
Potions
 i - a potion of enlightenment


   Skills:
 - Level 1.3 Fighting
 - Level 1.7 Dodging
 + Level 6.2 Unarmed Combat
 - Level 2.4 Spellcasting
 - Level 1.7 Transmutations


You had 3 spell levels left.
You knew the following spells:

 Your Spells              Type           Power      Damage    Failure   Level
a - Beastly Appendage     Tmut           12%        N/A       11%         1
b - Wereblood             Tmut           6%         N/A       17%         2
c - Spider Form           Tmut/Pois      4%         N/A       43%         3

Your spell library contained the following spells:

 Spells                   Type           Power      Damage    Failure   Level
 Slow                     Hex            4%         N/A       22%         1
 Confusing Touch          Hex            1%         N/A       56%         3
 Vampiric Draining        Necr           1%         2d6       56%         3
 Ice Form                 Ice/Tmut       4%         N/A       85%         4


Dungeon Overview and Level Annotations

Branches:
Dungeon (3/15)

Altars:
Kikubaaqudgha
Nemelex Xobeh
Sif Muna
Yredelemnul

Shops:
D:3 [


Innate Abilities, Weirdness & Mutations

You have temporarily grown beastly horns and talons.
You are too large for most types of armour.
You have tough skin. (AC +1)


Message History

You hit the gnoll bouda.
The gnoll bouda is heavily wounded.
Your attacks no longer feel as feeble.
The gnoll bouda hits you with a +0 whip!
You are too injured to fight recklessly!
You are too injured to fight recklessly!
You are too injured to fight recklessly!
You are too injured to fight recklessly!
You are too injured to fight recklessly!
You are too injured to fight recklessly!
Casting: Beastly Appendage (safe; 10% risk of failure)
Confirm with . or Enter, or press ? or * to list all spells.
You grow a pair of large bovine horns.
Your feet morph into talons.
The gnoll bouda hits you with a +0 whip!
* * * LOW HITPOINT WARNING * * *
You barely miss the gnoll bouda.
You headbutt the gnoll bouda, but do no damage.
The gnoll bouda is heavily wounded.
The gnoll bouda barely misses you.
You hit the gnoll bouda but do no damage.
You claw the gnoll bouda, but do no damage.
The gnoll bouda is heavily wounded.
The gnoll bouda hits you with a +0 whip!
* * * LOW HITPOINT WARNING * * *
You hit the gnoll bouda but do no damage.
You claw the gnoll bouda.
The gnoll bouda is heavily wounded.
The gnoll bouda barely misses you.
Unknown command.
You hit the gnoll bouda.
You claw the gnoll bouda, but do no damage.
You headbutt the gnoll bouda, but do no damage.
The gnoll bouda is severely wounded.
The gnoll bouda hits you with a +0 whip.
* * * LOW HITPOINT WARNING * * *
It was a potion of degeneration.
There was something very wrong with that liquid.
You feel weakened.
You feel dopey.
You feel clumsy.
The gnoll bouda hits you with a +0 whip!
You die...

##...##.##...##..........#..#
#### ...#######...<......###
...#..#.##.........#...
##.#..#.##........#....
........##.............
#..##.....^..#....
#.............#...
#.####.........### #@#
##.####..#..# #KBg.....#.#
#.#...# #.##.###.#.####...†#.
.. #.# #....#(..#). ... #.#
#....#...... .# ..#
#....#.....# #.. #....#......
#.. #.########## #.#


You could see a gnoll bouda, a giant cockroach and a kobold.

Vanquished Creatures
  Pargi (D:3)
  An orc priest (D:3)
  An iguana (D:3)
  An orc wizard (D:3)
  4 adders
  3 orcs
  3 bats
  5 endoplasms
  4 giant cockroaches
  5 goblins
  5 hobgoblins
  2 quokkas (D:1)
  2 ball pythons
  3 frilled lizards
  9 kobolds
  3 rats
52 creatures vanquished.

Notes
Turn   | Place    | Note
-------+----------+-------------------------------------------
     0 | D:1      | cforsyth the Ogre Transmuter began the quest for the Orb.
     0 | D:1      | Reached XP level 1. HP: 19/19 MP: 3/3
   332 | D:1      | Reached skill level 3 in Unarmed Combat
   362 | D:1      | Found a faded altar of an unknown god.
   502 | D:1      | Reached XP level 2. HP: 27/27 MP: 3/5
   793 | D:1      | Reached XP level 3. HP: 32/33 MP: 4/6
  1436 | D:2      | Reached skill level 4 in Unarmed Combat
  2212 | D:2      | Reached XP level 4. HP: 37/41 MP: 5/7
  2479 | D:3      | Noticed Pargi
  2496 | D:3      | Killed Pargi
  2497 | D:3      | Reached skill level 5 in Unarmed Combat
  2497 | D:3      | Reached XP level 5. HP: 20/48 MP: 8/8
  2758 | D:3      | Found Tureg's Antique Armour Boutique.
  2953 | D:2      | Learned a level 2 spell: Wereblood
  2957 | D:2      | Learned a level 3 spell: Spider Form
  2984 | D:3      | Reached XP level 6. HP: 30/55 MP: 6/9
  3108 | D:3      | Found an ancient bone altar of Kikubaaqudgha.
  3111 | D:3      | Found a sparkling altar of Nemelex Xobeh.
  3114 | D:3      | Found a basalt altar of Yredelemnul.
  3117 | D:3      | Found a shimmering blue altar of Sif Muna.
  3313 | D:3      | Reached skill level 6 in Unarmed Combat
  3527 | D:3      | HP: 1/55 [gnoll bouda/+0 whip (5)]
  3528 | D:3      | Mangled by a gnoll bouda

Illustrated notes

Levels and vault maps discovered:
D:1:      dpeg_arrival_water_fire, layout_loops_corners,
          shapermc_ecumenical_altar_venn, minmay_circled_x
D:2:      layout_loops_corners, minmay_pentomino_x2
D:3:      layout_basic, grunt_temple_overflow_cloverleaf, serial_shops,
          nicolae_shop_dealshenge, minmay_misc_feat_columns,
          minmay_splitting_lines, chequers_serial_rivers_micro_b,
          minmay_diced_spiral, uniq_pargi

Skill      XL: |  1  2  3  4  5  6 |
---------------+-------------------+-----
Unarmed Combat | 3 4 5 6 |  6.2
Fighting       | |  1.3
Dodging        | |  1.7
Spellcasting   | |  2.4
Transmutations | |  1.7

Action                     |  1- 3 |  4- 6 || total
---------------------------+-------+-------++-------
  Melee: Unarmed           |   114 |    80 ||   194
         Kick              |    23 |    15 ||    38
         Headbutt          |    12 |     9 ||    21
         Punch             |     2 |     1 ||     3
   Cast: Beastly Appendage |    31 |    16 ||    47
         Spider Form       |       |     1 ||     1
    Use: Potion            |       |     5 ||     5
 Armour: Robe              |    39 |    14 ||    53
         Skin              |       |    12 ||    12
  Dodge: Dodged            |    60 |    42 ||   102

Table legend: (Time is in decaauts)
 A = Elapsed time spent in this place.
 B = Non-inter-level travel time spent in this place.
 C = Inter-level travel time spent in this place.
 D = Time resting spent in this place.
 E = Time spent auto-exploring this place.
 F = Levels seen in this place.
 G = Mean time per level.
                   A        B        C        D        E       F      G
               +--------+--------+--------+--------+--------+-----+--------+
         Total |   3514 |   3457 |     57 |    162 |   2865 |   3 | 1171.3 |
       Dungeon |   3514 |   3457 |     57 |    162 |   2865 |   3 | 1171.3 |
               +--------+--------+--------+--------+--------+-----+--------+

Top non-repeatable levels by time:
     D:1: 1327 daAuts
     D:2: 1253 daAuts
     D:3: 932 daAuts
